 Dungeon Sprint DCSS version 0.30-a0-528-g8c47a4955b (webtiles) character file.

Game seed: 9577351990327931494

5572704 rocky1 the Conqueror (level 21, 204/204 HPs)
             Began as a Demonspawn Gladiator on Dec 24, 2022.
             Was the Champion of Cheibriados.
             Escaped with the Orb
             ... and 3 runes!
             The game lasted 01:13:36 (11356 turns).

rocky1 the Conqueror (Demonspawn Gladiator)        Turns: 11356, Time: 01:13:37

Health: 204/204    AC: 51    Str: 31    XL:     21   Next: 11%
Magic:  61/61      EV: 40    Int: 20    God:    Cheibriados [******]
Gold:   298        SH: 41    Dex: 37    Spells: 57/74 levels left

rFire   + + +      SeeInvis +    c - +9 sword of Zonguldrok {reap}
rCold   + + +      Faith    .    i - +10 tower shield of Ignorance {rN+ Int-4}
rNeg    + + .      Spirit   .    T - +14 gold dragon scales
rPois   +          Reflect  .    (helmet unavailable)
rElec   +          Harm     .    N - scarf {rC+ rF+}
rCorr   +          Rampage  .    y - +2 pair of gloves of Boredom {+Inv rElec Int-3}
Will    +....      Clarity  +    h - +4 pair of boots Stlth NoTele +
                                 G - amulet of Ru's Generosity {rPois rC+ Regen+ MP+9}
HPRegen 1.34/turn                R - ring of Cinelauj {rF+ rN+}
MPRegen 0.37/turn                Q - ring "Oketryth" {rC+ rCorr Slay+5}

@: studying 3 skills, very slow
A: antennae 3, powered by death 3, black mark, sturdy frame 3, demonic magic 3,
bedeviling, clarity, evolution 1
0: Orb of Zot
}: 3/3 runes: silver, golden, iron
a: Renounce Religion, Evoke Invisibility, Bend Time, Temporal Distortion,
Slouch, Step From Time


You escaped.
You worshipped Cheibriados.
Cheibriados was exalted by your worship.
You visited 1 branch You collected 298 gold pieces.

Inventory:

Hand Weapons
 c - the +9 sword of Zonguldrok (weapon) {reap}
   (You found it in the Dungeon)

   Any living foe damaged by it may be reanimated upon death as a zombie
   friendly to the wielder, with an increasing chance as more damage is dealt.
 M - the +7 sceptre of Asmodeus
   (You took it off Asmodeus in the Dungeon)

   It can be evoked to summon fiery demons, with success rate depending on
   Evocations skill.
   Those summoned this way will remain friendly only for a limited time.
Missiles
 e - 13 javelins (quivered)
Armour
 h - a +4 pair of boots (worn)
 i - the +10 tower shield of Ignorance (worn) {rN+ Int-4}
   (You took it off Louise in the Dungeon)

   Int:       It affects your intelligence (-4).
   rN:        It protects you from negative energy.
 y - the +2 pair of gloves of Boredom (worn) {+Inv rElec Int-3}
   (You found it in the Dungeon)

   Int:       It affects your intelligence (-3).
   rElec:     It insulates you from electricity.
   +Inv:      It lets you turn invisible.
 N - a scarf of resistance (worn)
 S - a +2 pair of boots of flying
 T - +14 gold dragon scales (worn)
Jewellery
 a - the ring of Creativity {rElec rF+ Will+ Str+2}
   (You found it in the Dungeon)

   [ring of protection from fire]

   Str:       It affects your strength (+2).
   rF:        It protects you from fire.
   rElec:     It insulates you from electricity.
   Will:      It increases your willpower.
 o - the ring of the Camelopard {*Slow rPois rF+ Will+ Str+6 Stlth+}
   (You found it in the Dungeon)

   [ring of strength]

   Str:       It affects your strength (+6).
   rF:        It protects you from fire.
   rPois:     It protects you from poison.
   *Slow:     It may slow you when you take damage.
   Will:      It increases your willpower.
   Stlth:     It makes you more stealthy.
 v - the ring of Icso {Wiz Dex+4}
   (You found it in the Dungeon)

   [ring of wizardry]

   It improves your spell success rate.
   Dex:       It affects your dexterity (+4).
 G - the amulet of Ru's Generosity (around neck) {rPois rC+ Regen+ MP+9}
   (You found it in the Dungeon)

   [amulet of regeneration]

   rC:        It protects you from cold.
   rPois:     It protects you from poison.
   MP:        It affects your magic capacity (+9).
   Regen:     It increases your rate of health regeneration.
 H - the ring "Tijyp" {Ice Str+2}
   (You found it in the Dungeon)

   [ring of ice]

   It enhances your ice magic.
   Str:       It affects your strength (+2).
   rF:        It makes you vulnerable to fire.
   rC:        It protects you from cold.
 I - the ring of Dim Light {Str+4 Dex+6}
   (You found it in the Dungeon)

   [ring of dexterity]

   Str:       It affects your strength (+4).
   Dex:       It affects your dexterity (+6).
 J - the ring of the Moon {rElec rF- AC+4 Str+4}
   (You found it in the Dungeon)

   [ring of protection]

   AC:        It affects your AC (+4).
   Str:       It affects your strength (+4).
   rF:        It makes you vulnerable to fire.
   rElec:     It insulates you from electricity.
 K - the ring "Yxupux" {Ice rN+ Stlth+}
   (You found it in the Dungeon)

   [ring of ice]

   It enhances your ice magic.
   rF:        It makes you vulnerable to fire.
   rC:        It protects you from cold.
   rN:        It protects you from negative energy.
   Stlth:     It makes you more stealthy.
 L - the amulet "Wyshreopt" {Reflect rC+ Int+6 SH+5}
   (You found it in the Dungeon)

   [amulet of reflection]

   It reflects blocked missile attacks.
   Int:       It affects your intelligence (+6).
   rC:        It protects you from cold.
   SH:        It affects your SH (+5).
 Q - the ring "Oketryth" (right hand) {rC+ rCorr Slay+5}
   (You found it in the Dungeon)

   [ring of slaying]

   Slay:      It affects your accuracy & damage with ranged weapons and melee
   (+5).
   rC:        It protects you from cold.
   rCorr:     It protects you from acid and corrosion.
 R - the ring of Cinelauj (left hand) {rF+ rN+}
   (You found it in the Dungeon)

   [ring of positive energy]

   rF:        It protects you from fire.
   rN:        It protects you from negative energy.
Wands
 k - a wand of iceblast (3)
 X - a wand of mindburst (5)
Scrolls
 d - a scroll of identify
 m - 5 scrolls of amnesia
 n - a scroll of butterflies
 r - 2 scrolls of poison
 z - 3 scrolls of immolation
 A - 3 scrolls of blinking
 C - 3 scrolls of enchant weapon
 D - 5 scrolls of enchant armour
 E - a scroll of fog
 F - 3 scrolls of fear
Potions
 f - 14 potions of heal wounds
 g - 14 potions of curing
 j - 4 potions of berserk rage
 l - 2 potions of invisibility
 p - 4 potions of might
 t - 7 potions of mutation
 u - 7 potions of brilliance
 B - a potion of resistance
 O - a potion of flight {unknown}
 Y - 5 potions of magic
Miscellaneous
 b - a tin of tremorstones (2/2)
 q - a phantom mirror
 s - a phantom mirror
 w - a condenser vane
 x - a lightning rod (4/4)


   Skills:
 O Level 27 Fighting
 O Level 27 Long Blades
 - Level 1.7 Throwing
 O Level 27 Armour
 O Level 27 Dodging
 - Level 4.8 Stealth
 O Level 27 Shields
 O Level 27 Spellcasting
 - Level 14.8 Hexes
 O Level 27 Fire Magic
 + Level 24.0 Invocations
 + Level 21.1 Evocations


You had 57 spell levels left.
You knew the following spells:

 Your Spells              Type           Power      Damage    Failure   Level
a - Iskenderun's Mystic   Conj/Tloc      27%        2d7       28%         4
b - Ignition              Fire           47%        3d13      1%          8
c - Silence               Hex/Air        35%        N/A       3%          5

Your spell library contained the following spells:

 Spells                   Type           Power      Damage    Failure   Level
 Slow                     Hex            100%       N/A       0%          1
 Inner Flame              Hex/Fire       100%       N/A       0%          3
 Confusing Touch          Hex            92%        N/A       1%          3
 Dazzling Flash           Conj/Hex       100%       N/A       1%          3
 Kindle Blastsparks       Fire/Tloc/Air  100%       2d18      1%          3
 Portal Projectile        Hex/Tloc       100%       N/A       1%          3
 Tukima's Dance           Hex            92%        N/A       1%          3
 Anguish                  Hex/Necr       35%        N/A       1%          4
 Cause Fear               Hex            46%        N/A       1%          4
 Flame Wave               Conj/Fire      69%        2d16      1%          4
 Fulminant Prism          Conj/Hex       35%        3d17      1%          4
 Sticky Flame             Conj/Fire      69%        2d8       1%          4
 Apportation              Tloc           54%        N/A       2%          1
 Beastly Appendage        Tmut           54%        N/A       2%          1
 Kiss of Death            Conj/Necr      100%       2d13      2%          1
 Necrotise                Necr           100%       1d9       2%          1
 Sandblast                Erth           54%        2d13      2%          1
 Shock                    Conj/Air       100%       1d9       2%          1
 Metabolic Englaciation   Hex/Ice        35%        N/A       3%          5
 Yara's Violent Unravell  Hex/Tmut       35%        3d14      3%          5
 Cigotuvi's Dreadful Rot  Necr/Pois/Air  54%        N/A       4%          2
 Passwall                 Tmut/Erth      22%        N/A       4%          2
 Poisonous Vapours        Pois/Air       54%        N/A       4%          2
 Searing Ray              Conj           54%        2d6       4%          2
 Sublimation of Blood     Necr           27%        N/A       4%          2
 Wereblood                Tmut           27%        N/A       4%          2
 Enfeeble                 Hex            46%        N/A       5%          7
 Gell's Gravitas          Tloc           27%        N/A       9%          3
 Lesser Beckoning         Tloc           54%        N/A       9%          3
 Mephitic Cloud           Conj/Pois/Air  27%        N/A       9%          3
 Spider Form              Tmut/Pois      27%        N/A       9%          3
 Stone Arrow              Conj/Erth      54%        3d10      9%          3
 Teleport Other           Tloc           27%        N/A       9%          3
 Animate Armour           Summ/Erth      54%        N/A       28%         4
 Manifold Assault         Tloc           27%        N/A       28%         4
 Olgreb's Toxic Radiance  Pois           27%        N/A       28%         4
 Passage of Golubria      Tloc           27%        N/A       28%         4
 Petrify                  Tmut/Erth      27%        N/A       28%         4
 Summon Ice Beast         Ice/Summ       27%        N/A       28%         4
 Summon Lightning Spire   Summ/Air       27%        N/A       28%         4
 Discord                  Hex            46%        N/A       38%         8
 Agony                    Necr           27%        N/A       61%         5
 Blade Hands              Tmut           13%        N/A       61%         5
 Freezing Cloud           Conj/Ice/Air   13%        6-21      61%         5
 Lee's Rapid Deconstruct  Erth           13%        3d9*      61%         5
 Summon Forest            Summ/Tloc      13%        N/A       61%         5
 Conjure Ball Lightning   Conj/Air       13%        3x3d6     99%         6
 Dispersal                Tloc           13%        N/A       99%         6
 Eringya's Noxious Bog    Tmut/Pois      13%        N/A       99%         6
 Simulacrum               Ice/Necr       13%        N/A       99%         6
 Statue Form              Tmut/Erth      18%        N/A       99%         6
 Dragon Form              Tmut           13%        N/A       100%        7
 Monstrous Menagerie      Summ           13%        N/A       100%        7
 Ozocubu's Refrigeration  Ice            13%        4d10      100%        7
 Summon Hydra             Summ           13%        N/A       100%        7
 Disjunction              Tloc           13%        N/A       100%        8
 Lehudib's Crystal Spear  Conj/Erth      13%        10d5      100%        8
 Necromutation            Tmut/Necr      13%        N/A       100%        8
 Dragon's Call            Summ           13%        N/A       100%        9


Dungeon Overview and Level Annotations

Branches:
Dungeon (1/1)

Altars:
Ashenzari
Cheibriados
Dithmenos
Fedhas
Gozag
Hepliaklqana
Kikubaaqudgha
Makhleb
Nemelex Xobeh
Okawaru
Qazlal
Ru
Sif Muna
Trog
Uskayaw
Vehumet
Wu Jian
Xom
Yredelemnul
Jiyva
Lugonu


Innate Abilities, Weirdness & Mutations

You have a pair of large antennae on your head. (SInv)
You regenerate a lot of health from kills.
Your melee attacks may debilitate your foes.
Your movements are significantly less encumbered by armour. (ER -6)
Spells you cast and wands you use may paralyse nearby enemies.
Your hexes are more powerful.
You possess an exceptional clarity of mind.
You have hidden genetic potential.


Message History

You open the huge gate.
There is a huge open gate to the Grid Vault (Hard) here.
There is a huge open gate to the Grid Vault (Hard) here.
A blizzard demon comes into view.
Your purple draconian zombie hits the blizzard demon!
The blizzard demon hits your purple draconian zombie but does no damage.
The blizzard demon hits your purple draconian zombie.
You swap places.
The blizzard demon gestures at you. The freezing blast misses you.
Your purple draconian zombie is engulfed in freezing vapours.
Your purple draconian zombie barely misses the blizzard demon.
The blizzard demon is engulfed in freezing vapours.
You block the blizzard demon's attack. x2
You slice the blizzard demon!!
The blizzard demon is severely wounded.
You are engulfed in freezing vapours.
You resist.
Your purple draconian zombie is engulfed in freezing vapours.
Your purple draconian zombie closely misses the blizzard demon.
You slash the blizzard demon!
The blizzard demon is severely wounded.
You are engulfed in freezing vapours.
You resist.
The blizzard demon is engulfed in freezing vapours.
The blizzard demon gestures at you. The freezing blast misses you.
You slice the blizzard demon!!
You kill the blizzard demon!
Cheibriados thoroughly appreciates the change of pace.
You are engulfed in freezing vapours.
You resist.
Your purple draconian zombie is engulfed in freezing vapours.
Your Invocations skill increases to level 24!
You are engulfed in freezing vapours.
You resist.
Your purple draconian zombie is engulfed in freezing vapours.
Your purple draconian zombie is engulfed in freezing vapours.
There is an open door to the Entrance Hall (Safe) here.
There is a staircase leading out of the dungeon here.
You can't go down here!
Unknown command.
You can't go down here!
You have escaped!

##########.##................''..
#...........'................''..
#'#####'#####......#..#......##..
#.#..#...'.##................##..
#.#..#...#.#####'#####''#########
#.#..#####)##.......##')#########
#.#..'...#)##.......##..........#
#.#..'÷..'.##...Z...##..........'
#.#..########...@...##..#####...#
#.#..'.))).##.......##.)'†..#....
#[#..#.))!.##.......##..#)..#....
#'###########.......##..#...#.###
#.......#..*##########..#####)'..
#.###...#.############..)))...#..
#.#.....#.#....#..[.##....)...#..
#)#...#.#†#.÷..#...[###+###...#..
#.)...#.#.'....'..))##....'...#'#


You could see a friendly purple draconian zombie.

Vanquished Creatures
  Antaeus (D)
  Asmodeus (D)
  Dissolution (D)
  the Serpent of Hell (D)
  An orb of fire (D)
  Mennas (D)
  An ancient lich (D)
  7 pandemonium lords (D)
  6 royal mummies (D)
  Boris (D)
  Margery (D)
  A Killer Klown (D)
  Frederick (D)
  2 curse toes (D)
  Saint Roka (D)
  Xtahua (D)
  2 profane servitors (D)
  A golden dragon (D)
  Jory (D)
  A bone dragon (D)
  Arachne (D)
  5 pearl dragons (D)
  4 Tzitzimimeh (D)
  5 Brimstone Fiends (D)
  3 hellephants (D)
  A tentacled monstrosity (D)
  5 Hell Sentinels (D)
  2 Ice Fiends (D)
  A deep elf blademaster (D)
  3 liches (D)
  17 titans (D)
  25 Orb Guardians (D)
  2 quicksilver dragons (D)
  4 acid blobs (D)
  A deep elf master archer (D)
  Murray (D)
  A death cob (D)
  Gastronok (D)
  4 sphinxes (D)
  3 rockslimes (D)
  5 storm dragons (D)
  2 azure jellies (D)
  A daeva (D)
  4 fire giants (D)
  A draconian monk (D)
  5 nagarajas (D)
  4 balrugs (D)
  A draconian knight (D)
  2 draconian scorchers (D)
  6 deep elf sorcerers (D)
  16 frost giants (D)
  Louise (D)
  2 cacodemons (D)
  A ghost moth (D)
  A draconian stormcaller (D)
  3 orc warlords (D)
  3 draconian annihilators (D)
  2 draconian shifters (D)
  A vampire knight (D)
  11 stone giants (D)
  A war gargoyle (D)
  A reaper (D)
  A spriggan defender (D)
  A deep elf demonologist (D)
  An apis (D)
  2 green draconians (D)
  2 lorocyprocas (D)
  A deep elf annihilator (D)
  2 dire elephants (D)
  2 purple draconians (D)
  A minotaur (D)
  A red draconian (D)
  3 yellow draconians (D)
  5 deep elf death magi (D)
  2 white draconians (D)
  3 blizzard demons (D)
  3 fire dragons (D)
  A deep elf high priest (D)
  A merfolk impaler (D)
  3 mummy priests (D)
  15 ettins (D)
  Harold (D)
  A great orb of eyes (D)
  A yaktaur captain (D)
  An anaconda (D)
  2 ice dragons (D)
  2 hell beasts (D)
  2 spriggan air magi (D)
  An ogre mage (D)
  3 merfolk avatars (D)
  16 vault guards (D)
  A catoblepas (D)
  3 death knights (D)
  A boulder beetle (D)
  An alligator (D)
  A centaur warrior (D)
  2 dancing weapons (D)
  8 death yaks (D)
  5 two-headed ogres (D)
  A vampire mage (D)
  Urug (D)
  A deep troll shaman (D)
  29 hell knights (D)
  2 soul eaters (D)
  4 deep elf knights (D)
  2 spriggan berserkers (D)
  An iron troll (D)
  6 sun demons (D)
  7 skeletal warriors (D)
  3 deep trolls (D)
  2 flayed ghosts (D)
  A swamp dragon (D)
  2 bog bodies (D)
  12 wizards (D)
  4 harpies (D)
  A lindwurm (D)
  13 orc knights (D)
  5 deep elf pyromancers (D)
  2 deep elf zephyrmancers (D)
  12 necromancers (D)
  A stone giant zombie (D)
  2 ugly things (D)
  24 cyclopes (D)
  A guardian serpent (D)
  A manticore (D)
  2 eyes of devastation (D)
  A naga mage (D)
  A black mamba (D)
  A demonic crawler (D)
  7 hellions (D)
  3 efreet (D)
  A freezing wraith (D)
  An unseen horror (D)
  A white draconian zombie (D)
  A komodo dragon (D)
  3 kobold demonologists (D)
  2 tormentors (D)
  3 yaktaurs (D)
  A human zombie (D)
  A hellwing (D)
  2 merfolk (D)
  A troll (D)
  A tarantella (D)
  2 hornets (D)
  2 tyrant leeches (D)
  A blink frog (shapeshifter) (D)
  7 dream sheep (D)
  2 spriggans (D)
  A vampire (D)
  5 yaks (D)
  2 water elementals (D)
  A wraith (D)
  15 humans (D)
  2 golden eyes (D)
  2 basilisks (D)
  2 vampire mosquitoes (D)
  3 chaos spawn (D)
  A redback (D)
  2 acid dragons (D)
  A water moccasin (D)
  A floating eye (D)
  A large abomination (D)
  A black bear (D)
  8 orc warriors (D)
  2 ogres (D)
  A centaur (D)
  A kobold brigand (D)
  Blork the orc (D)
  A scorpion (D)
  A gnoll sergeant (D)
  3 wights (D)
  14 killer bees (D)
  A quasit (D)
  2 hounds (D)
  3 orc priests (D)
  An iron imp (D)
  3 iguanas (D)
  2 orc wizards (D)
  A hell rat (D)
  5 gnolls (D)
  2 river rats (D)
  An ufetubus (D)
  An adder zombie (D)
  A worm (D)
  18 orcs (D)
  2 bats (D)
  A bat zombie (D)
  An endoplasm (D)
  4 jackals (D)
  2 kobolds (D)
  A quokka (D)
  2 ball pythons (D)
  A ball python simulacrum (D)
  A ball python skeleton (D)
  A ball python zombie (D)
  2 frilled lizards (D)
  A giant cockroach simulacrum (D)
  2 rats (D)
619 creatures vanquished.

Vanquished Creatures (collateral kills)
  An orb of fire (D)
  A royal mummy (D)
  A curse toe (D)
  A Killer Klown (D)
  A golden dragon (D)
  A Brimstone Fiend (D)
  2 Orb Guardians (D)
  An Ice Fiend (D)
  An Executioner (D)
  A fire giant (D)
  A draconian scorcher (D)
  A cacodemon (D)
  A reaper (D)
  2 dire elephants (D)
  A red draconian (D)
  A cherub (D)
  A sixfirhy (D)
  A shadow demon (D)
  A naga mage (D)
  An orc warrior (D)
22 creatures vanquished.

Vanquished Creatures (others)
  A draconian knight (D)
  A pearl dragon zombie (D)
  A quicksilver dragon zombie (D)
  5 Orb Guardian zombies (D)
  2 azure jelly zombies (D)
  2 titan zombies (D)
  2 storm dragon zombies (D)
  A skeletal warrior (D)
  2 fire giant zombies (D)
  A sphinx zombie (D)
  4 draconian zombies (D)
  A frost giant zombie (D)
  An orc zombie (D)
  A dire elephant zombie (D)
  2 spriggan zombies (D)
  An elf zombie (D)
  A green draconian zombie (D)
  A troll (D)
  A guardian serpent zombie (D)
  5 human zombies (D)
  A swamp drake (D)
37 creatures vanquished.

Grand Total: 678 creatures vanquished

Notes
Turn   | Place    | Note
-------+----------+-------------------------------------------
     0 | D        | rocky1 the Demonspawn Gladiator began the quest for the
                  | Orb.
     0 | D        | Reached XP level 1. HP: 16/16 MP: 1/1
    15 | D        | Found a bloodstained altar of Trog.
    15 | D        | Found a shimmering blue altar of Sif Muna.
    15 | D        | Found a viscous altar of Jiyva.
    15 | D        | Found a hazy altar of Hepliaklqana.
    15 | D        | Found an opulent altar of Gozag.
    16 | D        | Found a basalt altar of Yredelemnul.
    16 | D        | Found a shimmering altar of Xom.
    16 | D        | Found an ornate altar of the Wu Jian Council.
    16 | D        | Found a sacrificial altar of Ru.
    16 | D        | Found a stormy altar of Qazlal.
    16 | D        | Found an iron altar of Okawaru.
    16 | D        | Found a sparkling altar of Nemelex Xobeh.
    16 | D        | Found a burning altar of Makhleb.
    16 | D        | Found a blossoming altar of Fedhas.
    16 | D        | Found a shadowy altar of Dithmenos.
    16 | D        | Found a snail-covered altar of Cheibriados.
    19 | D        | Found a corrupted altar of Lugonu.
    19 | D        | Found a radiant altar of Vehumet.
    20 | D        | Found an ancient bone altar of Kikubaaqudgha.
    20 | D        | Found a hide-covered altar of Uskayaw.
    20 | D        | Found a broken altar of Ashenzari.
    27 | D        | Became a worshipper of Cheibriados the Contemplative
    67 | D        | Reached skill level 1 in Invocations
    78 | D        | Reached * piety under Cheibriados
   104 | D        | Reached ** piety under Cheibriados
   106 | D        | Gained mutation: Your movements are slightly less
                  | encumbered by armour. (ER -2) [demonic ancestry]
   106 | D        | Reached XP level 2. HP: 22/22 MP: 4/4
   111 | D        | Reached *** piety under Cheibriados
   122 | D        | Reached **** piety under Cheibriados
   123 | D        | Reached skill level 5 in Long Blades
   123 | D        | Gained mutation: Your movements are less encumbered by
                  | armour. (ER -4) [demonic ancestry]
   123 | D        | Reached XP level 3. HP: 10/27 MP: 4/6
   367 | D        | Noticed a wight
   374 | D        | Killed a wight
   375 | D        | Reached XP level 4. HP: 23/33 MP: 1/8
   452 | D        | Reached XP level 5. HP: 28/38 MP: 8/10
   455 | D        | Reached ***** piety under Cheibriados
   530 | D        | Gained mutation: You regenerate a little health from kills.
                  | [demonic ancestry]
   530 | D        | Reached XP level 6. HP: 44/44 MP: 11/13
   550 | D        | Noticed Blork the orc
   556 | D        | Killed Blork the orc
   557 | D        | Reached skill level 10 in Long Blades
   557 | D        | Reached skill level 10 in Invocations
   559 | D        | Noticed a water moccasin
   561 | D        | Killed a water moccasin
   568 | D        | Noticed a freezing wraith
   568 | D        | Noticed a hellwing
   572 | D        | Killed a hellwing
   572 | D        | Killed a freezing wraith
   573 | D        | Gained mutation: Spells you cast may paralyse adjacent
                  | enemies. [demonic ancestry]
   573 | D        | Reached XP level 7. HP: 44/50 MP: 4/16
   754 | D        | Paralysed by a floating eye for 2 turns
   759 | D        | Reached XP level 8. HP: 56/56 MP: 17/17
   764 | D        | Reached ****** piety under Cheibriados
   889 | D        | Noticed a kobold demonologist
   892 | D        | Noticed a soul eater
   892 | D        | Killed a kobold demonologist
   971 | D        | Noticed a wizard
   971 | D        | Noticed a tyrant leech
   974 | D        | Killed a wizard
   975 | D        | Reached skill level 15 in Long Blades
   979 | D        | Killed a tyrant leech
   980 | D        | Reached skill level 15 in Invocations
   980 | D        | Gained mutation: You have a pair of small antennae on your
                  | head. [demonic ancestry]
   980 | D        | Reached XP level 9. HP: 14/61 MP: 15/20
  1152 | D        | Noticed a merfolk avatar
  1165 | D        | Killed a merfolk avatar
  1197 | D        | Noticed a two-headed ogre
  1198 | D        | Noticed a two-headed ogre
  1198 | D        | Noticed an ogre mage
  1199 | D        | Noticed a two-headed ogre
  1201 | D        | Noticed a two-headed ogre
  1203 | D        | Killed a two-headed ogre
  1203 | D        | Killed an ogre mage
  1203 | D        | Killed a two-headed ogre
  1204 | D        | Reached skill level 5 in Armour
  1204 | D        | Gained mutation: You regenerate health from kills. [demonic
                  | ancestry]
  1204 | D        | Reached XP level 10. HP: 23/77 MP: 5/22
  1204 | D        | Killed a two-headed ogre
  1204 | D        | Killed a two-headed ogre
  1204 | D        | Noticed a deep elf pyromancer
  1204 | D        | Noticed a two-headed ogre
  1208 | D        | Killed a deep elf pyromancer
  1213 | D        | Killed a two-headed ogre
  1289 | D        | Noticed a boulder beetle
  1289 | D        | Noticed a wizard
  1289 | D        | Noticed a black mamba
  1290 | D        | Killed a black mamba
  1296 | D        | Killed a boulder beetle
  1296 | D        | Killed a wizard
  1297 | D        | Gained mutation: You have a pair of antennae on your head.
                  | [demonic ancestry]
  1297 | D        | Reached XP level 11. HP: 89/89 MP: 9/24
  1459 | D        | Reached skill level 10 in Fighting
  1509 | D        | Noticed a flayed ghost
  1509 | D        | Noticed a bog body
  1512 | D        | Killed a bog body
  1513 | D        | Reached skill level 10 in Dodging
  1513 | D        | Noticed a deep elf pyromancer
  1513 | D        | Noticed a lindwurm
  1516 | D        | Killed a flayed ghost
  1520 | D        | Killed a lindwurm
  1521 | D        | Killed a deep elf pyromancer
  1522 | D        | Reached skill level 10 in Armour
  1524 | D        | Noticed Gastronok
  1538 | D        | Killed Gastronok
  1662 | D        | Noticed a death yak
  1662 | D        | Noticed a death yak
  1663 | D        | Noticed a vampire mage
  1668 | D        | Killed a vampire mage
  1669 | D        | Killed a death yak
  1674 | D        | Killed a death yak
  1675 | D        | Gained mutation: Spells you cast may paralyse nearby
                  | enemies. [demonic ancestry]
  1675 | D        | Reached XP level 12. HP: 97/102 MP: 7/26
  1729 | D        | Noticed Urug
  1826 | D        | Killed Urug
  1832 | D        | Noticed Harold
  1841 | D        | Killed Harold
  2034 | D        | Noticed a centaur warrior
  2034 | D        | Noticed a death yak
  2034 | D        | Noticed a death yak
  2034 | D        | Noticed a death yak
  2034 | D        | Noticed a death yak
  2034 | D        | Noticed a death yak
  2034 | D        | Noticed a deep elf sorcerer
  2034 | D        | Noticed a fire dragon
  2036 | D        | Killed a centaur warrior
  2037 | D        | Killed a death yak
  2037 | D        | Killed a deep elf sorcerer
  2038 | D        | Killed a death yak
  2040 | D        | Killed a fire dragon
  2042 | D        | Killed a death yak
  2043 | D        | Killed a death yak
  2045 | D        | Killed a death yak
  2053 | D        | Got the ring "Uteodaykk" {rPois rC+ Int+3}
  2169 | D        | Noticed an orc warlord
  2171 | D        | Gained mutation: Your movements are significantly less
                  | encumbered by armour. (ER -6) [demonic ancestry]
  2171 | D        | Reached XP level 13. HP: 114/114 MP: 22/28
  2171 | D        | Noticed an orc warlord
  2192 | D        | Killed an orc warlord
  2321 | D        | Killed an orc warlord
  2699 | D        | Noticed a deep elf blademaster
  2702 | D        | Noticed a frost giant
  2704 | D        | Killed a deep elf blademaster
  2711 | D        | Killed a frost giant
  2866 | D        | Noticed a storm dragon
  2888 | D        | Killed a storm dragon
  3157 | D        | Paralysed by a great orb of eyes for 5 turns
  3174 | D        | Noticed a nagaraja
  3184 | D        | Reached skill level 5 in Shields
  3190 | D        | Noticed a nagaraja
  3197 | D        | Noticed a death cob
  3199 | D        | Killed a nagaraja
  3200 | D        | Reached XP level 14. HP: 85/121 MP: 1/29
  3243 | D        | Killed a nagaraja
  3302 | D        | Killed a death cob
  3303 | D        | Reached skill level 10 in Shields
  3403 | D        | Got the +4 ring mail of Prudence {Regen+}
  3443 | D        | Learned a level 4 spell: Iskenderun's Mystic Blast
  3498 | D        | Noticed Saint Roka
  3498 | D        | Noticed Arachne
  3502 | D        | Noticed a nagaraja
  3503 | D        | Killed Arachne
  3511 | D        | Killed Saint Roka
  3512 | D        | Reached skill level 15 in Shields
  3516 | D        | Killed a nagaraja
  3536 | D        | Noticed a deep elf sorcerer
  3550 | D        | Killed a ghost moth
  3553 | D        | Killed a deep elf sorcerer
  3701 | D        | Noticed a vampire knight
  3702 | D        | Noticed a war gargoyle
  3707 | D        | Killed a war gargoyle
  3708 | D        | Reached skill level 15 in Fighting
  3708 | D        | Killed a vampire knight
  3709 | D        | Reached skill level 5 in Evocations
  3964 | D        | Got the ring of Zin's Esteem {Fire Will- Dex+5 Slay+3}
  3970 | D        | Got the +2 pair of gloves of Boredom {+Inv rElec Int-3}
  3972 | D        | Got the Folio of Concussion and Shadows
  4540 | D        | Noticed a deep elf sorcerer
  4541 | D        | Reached skill level 10 in Evocations
  4542 | D        | Killed a deep elf sorcerer
  4543 | D        | Reached XP level 15. HP: 136/136 MP: 19/30
  4545 | D        | Noticed a sphinx
  4552 | D        | Noticed an ancient lich
  4570 | D        | Killed an ancient lich
  4575 | D        | Killed a sphinx
  4668 | D        | Noticed a daeva
  4678 | D        | Killed a daeva
  4754 | D        | Noticed a quicksilver dragon
  4754 | D        | Noticed a profane servitor
  4754 | D        | Noticed a bone dragon
  4757 | D        | Killed a quicksilver dragon
  4758 | D        | Killed a profane servitor
  4760 | D        | Reached skill level 15 in Evocations
  4773 | D        | Killed a bone dragon
  5015 | D        | Found the +9 sword of Zonguldrok {reap}
  5015 | D        | Noticed Frederick
  5024 | D        | Identified the ring of the Sun {*Slow rElec rC+ Dex+6}
  5027 | D        | Killed Frederick
  5028 | D        | Gained mutation: You regenerate a lot of health from kills.
                  | [demonic ancestry]
  5028 | D        | Reached XP level 16. HP: 150/158 MP: 7/31
  5341 | D        | Got a silver rune of Zot
  5445 | D        | Reached skill level 15 in Dodging
  5460 | D        | Reached skill level 15 in Armour
  5462 | D        | Noticed a Tzitzimitl
  5476 | D        | Noticed a deep elf master archer
  5491 | D        | Killed a Tzitzimitl
  5493 | D        | Killed a deep elf master archer
  5496 | D        | Noticed a curse toe
  5506 | D        | Noticed a titan
  5518 | D        | Killed a titan
  5774 | D        | Killed a curse toe
  5865 | D        | Noticed a titan
  5865 | D        | Noticed Xtahua
  5867 | D        | Paralysed by Xtahua for 3 turns
  5867 | D        | Noticed a Killer Klown
  5874 | D        | Killed a Killer Klown
  5875 | D        | Killed a titan
  5877 | D        | Killed Xtahua
  5961 | D        | Noticed a lich
  5967 | D        | Killed a lich
  5993 | D        | Noticed Jory
  6011 | D        | Killed Jory
  6012 | D        | Gained mutation: You have a pair of large antennae on your
                  | head. (SInv) [demonic ancestry]
  6012 | D        | Reached XP level 17. HP: 158/167 MP: 32/32
  6346 | D        | Noticed Louise
  6367 | D        | Killed Louise
  6527 | D        | Got the ring of Symmetry {rN+ rCorr SInv}
  6529 | D        | Got the ring "Katy" {Ice rElec rPois Will+ Str+2}
  6531 | D        | Got the ring of Doubts {rElec rC- rN+ rCorr Dex-2}
  6533 | D        | Got the ring of Dafiawna {Will+++ MP+9 Int+3 Slay-5}
  6536 | D        | Got the amulet of Ronaomie {Spirit *Slow Will++}
  6538 | D        | Got the amulet of the Lusting Hero {Acrobat Fragile MP+9
                  | Int+5 SInv}
  6540 | D        | Got the amulet of Conformity {Spirit rElec Str-5 Dex+4}
  6574 | D        | Got the +5 triple sword "Pevva" {vorpal, rC+ rN+ Int+2}
  6729 | D        | Noticed a lich
  6730 | D        | Paralysed by a sphinx for 2 turns
  6731 | D        | Noticed a Tzitzimitl
  6735 | D        | Your ally Louise died
  6736 | D        | Killed a lich
  6834 | D        | Got the Compendium of Iron Stolen Souls
  6845 | D        | Got the Omnibus of Transmigration
  6871 | D        | Got the Directory of the Pure Wonders
  6881 | D        | Got Qynozir's Grimoire of Transposition
  6899 | D        | Got Sif Muna's Parchment of Formation and Pestilence
  6932 | D        | Learned a level 8 spell: Ignition
  6939 | D        | Got the amulet "Othob" {Faith Regen+ Int+4}
  6941 | D        | Got the amulet "Jooqoodgh" {Faith MP+9}
  6943 | D        | Got the amulet of the Firefly {Regen+ Str+5 Slay-2}
  6945 | D        | Got the amulet of Ru's Generosity {rPois rC+ Regen+ MP+9}
  6948 | D        | Got the ring "Golaze Ril" {*Slow rElec rPois rN+++ Int+3}
  6950 | D        | Got the amulet "Lihian" {RegenMP Fly rPois rCorr}
  6952 | D        | Got the amulet of Nemida {Acrobat Stlth+}
  6955 | D        | Got the amulet "Kaumyutz" {Reflect rElec rPois Dex+6 Slay-6
                  | SH+5}
  6957 | D        | Got the amulet "Futen" {RegenMP rPois rN+ SInv}
  6959 | D        | Got the ring "Oketryth" {rC+ rCorr Slay+5}
  6961 | D        | Got the amulet of the Equinox {RegenMP rPois rCorr}
  6964 | D        | Got the amulet "Kaym" {Reflect rCorr SH+5}
  6966 | D        | Got the ring "Qedauny" {Fire rPois Str+3 Dex+4}
  6968 | D        | Got the amulet "Ceboafago" {Acrobat Int+2}
  7006 | D        | Got the ring "Urgheom" {rElec rF+ rC- rN+ Str+2}
  7008 | D        | Got the ring "Ciemotsi" {rC+ Int+6 Dex+3}
  7010 | D        | Got the ring of Rutugoda {+Blink Str+6 Dex+6 Slay+2}
  7012 | D        | Got the ring "Cuirghaew" {Drain rElec rN++ AC+6 Stlth+}
  7014 | D        | Got the ring of Ascent {rElec rPois rN+ Will+ Str-3}
  7019 | D        | Got the ring "Sazim" {rF+ rN+ AC+6 SInv}
  7021 | D        | Got the ring "Pumoloer" {Ice rElec}
  7023 | D        | Got the ring of Cinelauj {rF+ rN+}
  7025 | D        | Got the ring of Meappom {rN+ Slay+2}
  7027 | D        | Got the ring "Iwke" {rC+ EV+6 Str+5}
  7030 | D        | Got the ring of Kegots {rC+ rN+ Int+4}
  7032 | D        | Got the ring of Peeqitocwyi {rCorr Str+6 Int+2 SInv}
  7089 | D        | Noticed a pearl dragon
  7095 | D        | Killed a pearl dragon
  7104 | D        | Noticed a royal mummy
  7110 | D        | Killed a royal mummy
  7187 | D        | Noticed a Brimstone Fiend
  7195 | D        | Killed a Brimstone Fiend
  7343 | D        | Noticed a hellephant
  7343 | D        | Noticed a royal mummy
  7343 | D        | Noticed a titan
  7360 | D        | Killed a royal mummy
  7365 | D        | Killed a hellephant
  7367 | D        | Killed a titan
  7507 | D        | Noticed a Brimstone Fiend
  7511 | D        | Killed a Brimstone Fiend
  7522 | D        | Noticed a Tzitzimitl
  7532 | D        | Killed a Tzitzimitl
  7686 | D        | Noticed Quesorit the pandemonium lord
  7695 | D        | Killed Quesorit the pandemonium lord
  7698 | D        | Noticed a tentacled monstrosity
  7702 | D        | Killed a tentacled monstrosity
  7722 | D        | Noticed a titan
  7722 | D        | Noticed a titan
  7722 | D        | Noticed a titan
  7722 | D        | Noticed a titan
  7722 | D        | Noticed a titan
  7722 | D        | Noticed a titan
  7725 | D        | Noticed a titan
  7725 | D        | Noticed a titan
  7725 | D        | Noticed a titan
  7725 | D        | Noticed a titan
  7730 | D        | Identified the amulet "Inaokuan" {RegenMP Rampage MP+9
                  | Int+2}
  7732 | D        | Gained mutation: Spells you cast and wands you use may
                  | paralyse nearby enemies. [demonic ancestry]
  7732 | D        | Reached XP level 18. HP: 131/179 MP: 33/33
  7735 | D        | Reached skill level 27 in Fighting
  8018 | D        | Got the Cyclopedia of Floating Spellbinding
  8077 | D        | Learned a level 5 spell: Silence
  8093 | D        | Got a golden rune of Zot
  8210 | D        | Reached skill level 1 in Spellcasting
  8210 | D        | Reached skill level 1 in Fire Magic
  8219 | D        | Noticed Jutos the pandemonium lord
  8234 | D        | Killed Jutos the pandemonium lord
  8403 | D        | Noticed Mennas
  8411 | D        | Killed Mennas
  8516 | D        | Noticed Bemekiad the pandemonium lord
  8528 | D        | Killed Bemekiad the pandemonium lord
  8529 | D        | Reached skill level 5 in Spellcasting
  8529 | D        | Reached skill level 5 in Fire Magic
  8633 | D        | Noticed a Hell Sentinel
  8643 | D        | Killed a Hell Sentinel
  8649 | D        | Noticed a Brimstone Fiend
  8653 | D        | Killed a Brimstone Fiend
  8654 | D        | Gained mutation: Your hexes are more powerful. [demonic
                  | ancestry]
  8654 | D        | Reached XP level 19. HP: 189/189 MP: 34/34
  8756 | D        | Noticed a Tzitzimitl
  8763 | D        | Killed a Tzitzimitl
  8834 | D        | Reached skill level 27 in Shields
  8994 | D        | Noticed a royal mummy
  9009 | D        | Killed a royal mummy
  9036 | D        | Noticed Hegiepn the pandemonium lord
  9078 | D        | Killed Hegiepn the pandemonium lord
  9109 | D        | Noticed Margery
  9122 | D        | Killed Margery
  9359 | D        | Noticed a Brimstone Fiend
  9366 | D        | Killed a Brimstone Fiend
  9367 | D        | Reached skill level 10 in Spellcasting
  9367 | D        | Reached skill level 10 in Fire Magic
  9425 | D        | Noticed Utoty the pandemonium lord
  9434 | D        | Killed Utoty the pandemonium lord
  9437 | D        | Noticed Murray
  9453 | D        | Killed Murray
  9512 | D        | Noticed the Serpent of Hell
  9513 | D        | Your ally Margery died
  9536 | D        | Killed the Serpent of Hell
  9566 | D        | Noticed Nixzupt the pandemonium lord
  9582 | D        | Killed Nixzupt the pandemonium lord
  9599 | D        | Reached skill level 27 in Dodging
  9704 | D        | Noticed a Brimstone Fiend
  9709 | D        | Noticed a pearl dragon
  9711 | D        | Killed a Brimstone Fiend
  9717 | D        | Killed a pearl dragon
  9718 | D        | Reached skill level 27 in Armour
  9733 | D        | Got the ring of Creativity {rElec rF+ Will+ Str+2}
  9751 | D        | Got an iron rune of Zot
  9754 | D        | Got the ring of the Camelopard {*Slow rPois rF+ Will+ Str+6
                  | Stlth+}
  9756 | D        | Got the ring of Icso {Wiz Dex+4}
  9758 | D        | Got the ring "Tijyp" {Ice Str+2}
  9760 | D        | Got the ring of Dim Light {Str+4 Dex+6}
  9763 | D        | Got the ring of the Moon {rElec rF- AC+4 Str+4}
  9765 | D        | Got the ring "Yxupux" {Ice rN+ Stlth+}
  9771 | D        | Got the amulet "Wyshreopt" {Reflect rC+ Int+6 SH+5}
  9900 | D        | Noticed a golden dragon
  9901 | D        | Noticed a profane servitor
  9901 | D        | Noticed Dissolution
  9906 | D        | Reached skill level 1 in Hexes
  9911 | D        | Paralysed by a floating eye for 2 turns
  9914 | D        | Noticed Boris
  9915 | D        | Noticed a royal mummy
  9916 | D        | Paralysed by a floating eye for 4 turns
  9917 | D        | Killed a golden dragon
  9926 | D        | Paralysed by a floating eye for 4 turns
  9943 | D        | Killed a profane servitor
  9947 | D        | Paralysed by a floating eye for 4 turns
  9950 | D        | HP: 7/189 [red draconian scorcher/bolt of magma (8)]
  9955 | D        | Killed Dissolution
  9956 | D        | Reached skill level 27 in Long Blades
  9957 | D        | Killed Boris
  9966 | D        | Killed a royal mummy
 10063 | D        | Noticed a royal mummy
 10064 | D        | Found the +7 sceptre of Asmodeus
 10064 | D        | Noticed Asmodeus
 10068 | D        | Noticed a hellephant
 10069 | D        | Reached skill level 15 in Spellcasting
 10069 | D        | Reached skill level 10 in Hexes
 10069 | D        | Reached skill level 15 in Fire Magic
 10069 | D        | Noticed a pearl dragon
 10072 | D        | Killed a pearl dragon
 10072 | D        | Noticed a hellephant
 10081 | D        | Noticed a Brimstone Fiend
 10081 | D        | Killed a royal mummy
 10098 | D        | Killed Asmodeus
 10099 | D        | Gained mutation: Your melee attacks may debilitate your
                  | foes. [demonic ancestry]
 10099 | D        | Reached XP level 20. HP: 141/197 MP: 2/40
 10265 | D        | Noticed a Killer Klown
 10269 | D        | Killed a Killer Klown
 10272 | D        | Noticed a curse toe
 10286 | D        | Killed a curse toe
 10333 | D        | Noticed Cyetil the pandemonium lord
 10341 | D        | Noticed a pearl dragon
 10346 | D        | Noticed a golden dragon
 10349 | D        | Noticed a royal mummy
 10349 | D        | Killed a golden dragon
 10350 | D        | Killed a pearl dragon
 10355 | D        | Noticed an orb of fire
 10459 | D        | Gained mutation: You sometimes lose your temper in combat.
                  | [an orb of fire]
 10466 | D        | Gained mutation: Armour fits poorly on your strangely
                  | shaped body. [an orb of fire]
 10472 | D        | Killed an orb of fire
 10486 | D        | Lost mutation: You sometimes lose your temper in combat.
                  | [potion of mutation]
 10486 | D        | Lost mutation: Armour fits poorly on your strangely shaped
                  | body. [potion of mutation]
 10486 | D        | Gained mutation: Armour fits poorly on your strangely
                  | shaped body. [potion of mutation]
 10487 | D        | Lost mutation: Armour fits poorly on your strangely shaped
                  | body. [potion of mutation]
 10487 | D        | Gained mutation: You possess an exceptional clarity of
                  | mind. [potion of mutation]
 10487 | D        | Gained mutation: You have hidden genetic potential. [potion
                  | of mutation]
 10534 | D        | Noticed Antaeus
 10558 | D        | Killed a royal mummy
 10577 | D        | Killed Antaeus
 10782 | D        | Noticed a pearl dragon
 10783 | D        | Noticed an orb of fire
 10796 | D        | Killed an orb of fire
 10798 | D        | Killed a pearl dragon
 10805 | D        | Noticed a curse toe
 10807 | D        | Noticed a royal mummy
 10809 | D        | Your ally Antaeus died
 10815 | D        | Killed a curse toe
 10816 | D        | Killed a royal mummy
 10963 | D        | Got the Orb of Zot
 10997 | D        | Killed Cyetil the pandemonium lord
 11113 | D        | Reached XP level 21. HP: 93/204 MP: 51/51
 11220 | D        | Reached skill level 27 in Fire Magic
 11251 | D        | Reached skill level 27 in Spellcasting
 11356 | D        | Escaped with the Orb!

Illustrated notes

Levels and vault maps discovered:
D:        pitsprint [storerooms_1, entrance_room_1, metal_vault_8, armoury_2,
          mini_pit_1, grid_room_1, main_hall_1, silver_pit, the_coven_1,
          the_vestibule_1, steel_vault_3, golden_pit, hallway_of_sentries,
          crystal_vault_4, iron_vault_4, final_vault]

Skill      XL: |  1  2  3  4  5  6  7  8  9 10 11 12 13 14 15 16 17 18 19 20 21 |
---------------+----------------------------------------------------------------+-----
Long Blades    | 4 5 7 8 9 13 15 20 21 24 27 | 27.0
Invocations    | 2 4 6 7 9 12 13 15 17 18 20 23 24 | 24.0
Fighting       | 6 9 12 14 17 23 24 26 27 | 27.0
Armour         | 5 8 11 13 18 22 25 27 | 27.0
Dodging        | 6 8 11 13 18 22 25 27 | 27.0
Stealth        | 2 4 |  4.8
Shields        | 8 16 20 24 26 27 | 27.0
Evocations     | 10 19 20 21 | 21.1
Spellcasting   | 5 16 26 27 | 27.0
Fire Magic     | 5 16 26 27 | 27.0
Hexes          | 12 14 | 14.8
Throwing       | |  1.7

Action                   |  1- 3 |  4- 6 |  7- 9 | 10-12 | 13-15 | 16-18 | 19-21 || total
-------------------------+-------+-------+-------+-------+-------+-------+-------++-------
Melee: Long sword        |    30 |    23 |    30 |    37 |       |       |       ||   120
       Scimitar          |       |       |       |   103 |    13 |       |       ||   116
       Punch             |       |       |       |     5 |     1 |       |       ||     6
       Great sword       |       |       |       |       |    83 |       |       ||    83
       Double sword      |       |       |       |       |   246 |   470 |   509 ||  1225
Throw: Throwing net      |       |       |       |       |     2 |       |       ||     2
       Dart              |       |       |       |       |     2 |       |       ||     2
 Cast: Ignition          |       |       |       |       |       |       |     7 ||     7
Invok: Slouch            |     1 |     5 |    11 |    28 |    66 |    22 |    16 ||   149
       Temporal Distorti |       |       |       |       |       |       |     1 ||     1
Evoke: Wand              |       |       |       |       |     2 |       |       ||     2
       Condenser vane    |       |       |       |       |     2 |     2 |     1 ||     5
       Lightning rod     |       |       |       |       |       |    10 |       ||    10
       Tin of tremorston |       |       |       |       |       |     2 |     2 ||     4
       Phantom mirror    |       |       |       |       |       |       |     2 ||     2
  Use: Potion            |     3 |     1 |     1 |     1 |     1 |     6 |    13 ||    26
       Scroll            |       |       |     1 |       |       |     9 |     4 ||    14
 Stab: Distracted        |       |       |       |       |     2 |    13 |    15 ||    30
Armor: Leather armour    |    12 |       |       |       |       |       |       ||    12
       Plate armour      |       |    20 |    14 |       |       |       |       ||    34
       Chain mail        |       |       |     3 |    28 |    15 |       |       ||    46
       Storm dragon scal |       |       |       |       |    49 |       |       ||    49
       Gold dragon scale |       |       |       |       |    32 |   109 |   153 ||   294
Dodge: Dodged            |    29 |    20 |    19 |   130 |   233 |   246 |   369 ||  1046
Block: Kite shield       |       |       |       |       |   172 |   291 |       ||   463
       Tower shield      |       |       |       |       |       |   178 |   819 ||   997

Table legend: (Time is in decaauts) A = Elapsed time spent in this place. B = Non-inter-level travel time spent in this place. C = Inter-level travel time spent in this place. D = Time resting spent in this place. E = Time spent auto-exploring this place. F = Levels seen in this place. G = Mean time per level. A B C D E F G +--------+--------+--------+--------+--------+-----+--------+ Total | 14124 | 13480 | 644 | 5646 | 0 | 1 | 14124.0 | Dungeon | 14124 | 13480 | 644 | 5646 | 0 | 1 | 14124.0 | +--------+--------+--------+--------+--------+-----+--------+

Top non-repeatable levels by time:
       D: 14124 daAuts
